 Dungeon Crawl Stone Soup version 0.30-a0-778-g2ef04afb54 (webtiles) character file.

Game seed: 1262011990963425638

113 Monkooky the Sneak (level 4, -11/21 HPs)
             Began as a Spriggan Artificer on Feb 15, 2023.
             Killed from afar by a kobold (20 damage)
             ... with a bolt of light
             ... on level 3 of the Dungeon.
             The game lasted 00:06:38 (1827 turns).

Monkooky the Sneak (Spriggan Artificer)             Turns: 1827, Time: 00:06:38

Health: -11/21     AC:  2    Str:  8    XL:     4   Next: 65%
Magic:  5/5        EV: 16    Int: 12    God:
Gold:   115        SH:  5    Dex: 17    Spells: 3/3 levels left

rFire   . . .      SeeInvis +    i - +0 dagger
rCold   . . .      Faith    .    r - +1 buckler "Naph" {Slay+3}
rNeg    . . .      Spirit   .    b - +0 robe
rPois   .          Reflect  .    (helmet restricted)
rElec   .          Harm     .    (no cloak)
rCorr   .          Rampage  .    (gloves unavailable)
Will    .....                    (boots unavailable)
Stlth   +++                      (no amulet)
HPRegen 0.23/turn                (no ring)
MPRegen 0.09/turn                (no ring)

@: very quick
A: very small, no large weapons, unfitting armour, see invisible, speed 3
a: no special abilities


You were on level 3 of the Dungeon.
You visited 1 branch of the dungeon, and saw 3 of its levels.

You collected 115 gold pieces.

Inventory:

Hand Weapons
 a - a +0 club
 h - a +0 short sword
 i - a +0 dagger (weapon)
 u - a +0 rapier
Armour
 b - a +0 robe (worn)
 r - the +1 buckler "Naph" (worn) {Slay+3}
   (You found it on level 2 of the Dungeon)

   Slay:      It affects your accuracy & damage with ranged weapons and melee
   (+3).
Jewellery
 j - a ring of ice
Wands
 c - a wand of flame (15) (quivered)
 d - a wand of charming (13)
 e - a wand of iceblast (4)
 p - a wand of roots (4)
Scrolls
 f - a scroll of amnesia {unknown}
 g - a scroll of enchant armour
 k - 2 scrolls of blinking {unknown}
 l - a scroll of vulnerability
 q - a scroll of torment
 t - a scroll of acquirement {unknown}
 v - a scroll of enchant weapon {unknown}
Potions
 m - a potion of curing {unknown}
 n - a potion of attraction {unknown}
 o - 2 potions of cancellation {unknown}
 s - 2 potions of resistance {unknown}


   Skills:
 - Level 0.7 Fighting
 * Level 2.5 Short Blades
 - Level 3.2 Dodging
 - Level 6.0 Stealth
 - Level 4.0 Evocations


You had 3 spell levels left.
You didn't know any spells.
Your spell library contained the following spells:

 Spells                   Type           Power      Damage    Failure   Level
 Portal Projectile        Hex/Tloc       0%         N/A       91%         3
 Tukima's Dance           Hex            0%         N/A       91%         3
 Blade Hands              Tmut           0%         N/A       100%        5


Dungeon Overview and Level Annotations

Branches:
Dungeon (3/15)

Altars:
Fedhas

Annotations:
D:3 Robin


Innate Abilities, Weirdness & Mutations

You are very small and have problems with some larger weapons.
You are too small for most types of armour.
You have supernaturally acute eyesight. (SInv)
You cover ground extremely quickly. (Speed+++)


Message History

Okay, then.
Robin roars a battlecry!
The goblins go into a battle-frenzy!
You hear a shout! x2
Aiming: Charm
Press: ? - help, Shift-Dir - straight line, f - goblin
Aim: a goblin, wielding a +0 dagger (strong, chance to affect: 75%)
The goblin struggles to resist.
Robin throws the goblin at you!
You hit the goblin.
You kill the goblin!
Robin points. "Kill!"
Robin roars a battlecry!
Robin says, "Bow before me, strongest of all the hobgoblins!"
You hit the goblin.
You kill the goblin!
Robin throws the goblin at you! You block the goblin's attack.
You closely miss the goblin. You block the goblin's attack.
A hobgoblin comes into view.
A goblin comes into view. It is wielding a +0 dagger.
You barely miss the goblin. The goblin misses you.
The hobgoblin barely misses you.
You closely miss the goblin. The goblin hits you with a +0 dagger.
A goblin comes into view. It is wielding a +0 dagger.
The hobgoblin hits you.
You closely miss the goblin.
Robin says, "We wiped out the hill dwarves - you're next!"
The goblin misses you. The goblin hits you with a +0 dagger.
The hobgoblin hits you.
* * * LOW HITPOINT WARNING * * *
A goblin comes into view. It is wielding a +0 dagger of speed.
Aiming: Charm
Press: ? - help, Shift-Dir - straight line, f - goblin
Aim: a goblin, wielding a +0 dagger (strong, chance to affect: 75%)
The goblin is charmed.
Robin roars a battlecry!
A kobold comes into view.
It is wielding a +0 dagger and carrying a wand of light (1).
The kobold shouts!
The kobold zaps a wand.
The bolt of light hits you!!
Ouch! That really hurt!
You die...

+..........#.####
#..........#.#
#..........#.#
#..........#.#
####+####..#.#
#.....#.#
#.###.#.######
#.#...........
#.#...@.#####
#.#...#.# #...K.#.#
#.....#.#######.#
######..####.##<.....#
..............)#######
#####........#.#
.....########.# ##>..
..#


You could see a kobold.

Vanquished Creatures
  An orc wizard (D:2)
  3 adders (D:2)
  2 dart slugs (D:1)
  3 orcs
  7 ball pythons
  5 bats
  2 endoplasms
  2 giant cockroaches (D:2)
  3 hobgoblins
  3 kobolds (D:1)
  2 quokkas
  2 frilled lizards
  9 goblins
  7 rats
51 creatures vanquished.

Notes
Turn   | Place    | Note
-------+----------+-------------------------------------------
     0 | D:1      | Monkooky the Spriggan Artificer began the quest for the
                  | Orb.
     0 | D:1      | Reached XP level 1. HP: 9/9 MP: 2/2
    79 | D:1      | Reached skill level 2 in Stealth
   201 | D:1      | Reached skill level 1 in Short Blades
   201 | D:1      | Reached XP level 2. HP: 14/14 MP: 3/3
   730 | D:2      | Reached skill level 3 in Stealth
   838 | D:2      | Reached skill level 4 in Stealth
   838 | D:2      | Reached XP level 3. HP: 17/17 MP: 4/4
   977 | D:2      | Reached skill level 5 in Stealth
  1017 | D:2      | Found a faded altar of an unknown god.
  1036 | D:2      | Identified the +1 buckler "Naph" {Slay+3}
  1492 | D:3      | Reached XP level 4. HP: 19/21 MP: 5/5
  1526 | D:2      | Reached skill level 6 in Stealth
  1707 | D:3      | Found a blossoming altar of Fedhas.
  1776 | D:3      | Noticed Robin
  1827 | D:3      | Killed from afar by a kobold

Illustrated notes

Levels and vault maps discovered:
D:1:      spicycebolla_arrival_xxxplode, layout_loops_ring, minmay_cupped
D:2:      layout_basic, ebering_ecumenical_altar_sacrificial
D:3:      layout_basic, lemuel_coloured_pillars_altar, fedhas_altar_2,
          amcnicky_mini_rare_corridor_liquid, uniq_robin, uniq_grinder

Skill      XL: |  1  2  3  4 |
---------------+-------------+-----
Stealth        | 2 4 5 6 |  6.0
Short Blades   | 1 2 |  2.5
Fighting       | |  0.7
Dodging        | |  3.2
Evocations     | |  4.0

Action                     |  1- 3 |  4- 6 || total
---------------------------+-------+-------++-------
  Melee: Short sword       |    47 |       ||    47
         Club              |     2 |       ||     2
         Dagger            |    65 |    45 ||   110
  Evoke: Wand              |     1 |     2 ||     3
    Use: Scroll            |     3 |       ||     3
   Stab: Sleeping          |     7 |     5 ||    12
 Armour: Robe              |    10 |       ||    10
  Dodge: Dodged            |    97 |    21 ||   118
  Block: Buckler           |     2 |     9 ||    11

Table legend: (Time is in decaauts)
 A = Elapsed time spent in this place.
 B = Non-inter-level travel time spent in this place.
 C = Inter-level travel time spent in this place.
 D = Time resting spent in this place.
 E = Time spent auto-exploring this place.
 F = Levels seen in this place.
 G = Mean time per level.
                   A        B        C        D        E       F      G
               +--------+--------+--------+--------+--------+-----+--------+
         Total |   1231 |   1194 |     37 |     86 |    729 |   3 |  410.3 |
       Dungeon |   1231 |   1194 |     37 |     86 |    729 |   3 |  410.3 |
               +--------+--------+--------+--------+--------+-----+--------+

Top non-repeatable levels by time:
     D:2: 591 daAuts
     D:1: 452 daAuts
     D:3: 187 daAuts
